 Dungeon Crawl Stone Soup version 0.17.1-2-g5865329 (webtiles) character file.

40 ololoev the Covered (level 3, 0/29 HPs)
             Began as a Demonspawn Fighter on Jan 19, 2016.
             Succumbed to an adder's poison
             ... on level 3 of the Dungeon.
             The game lasted 00:01:23 (268 turns).

ololoev the Covered (Demonspawn Fighter)             Turns: 268, Time: 00:01:24

Health: 0/29       AC:  9    Str: 17    XL:     3   Next: 30%
Magic:  3/3        EV:  4    Int:  9    God:
Gold:   14         SH:  8    Dex: 12    Spells: 0 memorised, 2 levels left

rFire  . . .     SeeInvis .     a - +0 war axe
rCold  . . .     Clarity  .     h - +0 chain mail
rNeg   . . .     SustAt   .     c - +0 shield
rPois  .         Gourm    .     (no helmet)
rElec  .         Spirit   .     (no cloak)
rCorr  .         Warding  .     (no gloves)
rMut   .         Stasis   .     (no boots)
MR     .....                    (no amulet)
Stlth  ..........               (no ring)
                                (no ring)

@: lethally poisoned (0 -> -9), not resistant to hostile enchantments, extremely
unstealthy
A: claws 1
a: no special abilities


Innate Abilities, Weirdness & Mutations

You have sharp fingernails.

Inventory:

Hand Weapons
 a - a +0 war axe (weapon)
Armour
 c - a +0 shield (worn)
 h - a +0 chain mail (worn)
Scrolls
 b - a scroll of noise {unknown}
 f - 2 scrolls of teleportation {unknown}
 j - 4 scrolls of magic mapping {unknown}
Potions
 d - a potion of might
 g - a potion of agility {unknown}
 k - a potion of curing {unknown}
Comestibles
 e - 2 bread rations
 i - 3 chunks of flesh


   Skills:
 - Level 3.0 Fighting
 * Level 3.0 Axes
 + Level 3.1 Armour
 - Level 2.6 Shields


You had 2 spell levels left.
You didn't know any spells.


You were on level 3 of the Dungeon.
You were not hungry.

You visited 1 branch of the dungeon, and saw 3 of its levels.

You collected 14 gold pieces. ...############# ......S@><.....# ...###########.#

Notes
Turn   | Place    | Note
--------------------------------------------------------------
     0 | D:1      | ololoev the Demonspawn Fighter began the quest for the Orb.
     0 | D:1      | Reached XP level 1. HP: 18/18 MP: 1/1
   112 | D:1      | Gained mutation: You have sharp fingernails. [demonic ancestry]
   112 | D:1      | Reached XP level 2. HP: 12/24 MP: 2/2
   251 | D:2      | Reached XP level 3. HP: 13/29 MP: 3/3
   267 | D:3      | HP: 1/29 [adder (1)]
   268 | D:3      | Succumbed to an adder's poison

Dungeon Overview and Level Annotations

Branches:
Dungeon (3/15)

Altars:


Message History

You feel sick. You block the adder's attack.
The ooze hits you but does no damage.
You hit the adder.
The adder is moderately wounded.
You hit the ooze.
You kill the ooze!
You have reached level 3!
Your experience leads to an increase in your attributes!
Increase (S)trength, (I)ntelligence, or (D)exterity?
You feel stronger.
You feel sick. You block the adder's attack.
The adder bites you but does no damage.
You slash the adder!
You kill the adder!
Your Axes skill increases to level 3!
You feel sick.
You see here an adder corpse.
You butcher the adder corpse.
i - 3 chunks of flesh (gained 1)
You feel sick.
There is an open door here.
You feel sick.
There is a stone staircase leading down here.
You climb downwards.
An adder comes into view.
Found a stone staircase leading down.
There is a stone staircase leading up here.
There is a stone staircase leading down here.
Your shield prevents you from hitting the adder.
You feel sick. The adder bites you.
You are more poisoned.
The adder poisons you! You block the adder's attack.
Your shield and chain mail prevent you from hitting the adder.
The adder bites you. x2
You are more poisoned.
The adder poisons you!
You closely miss the adder.
You feel sick. The adder bites you.
You hit the adder.
The adder is heavily wounded.
You die...

You could see an adder.

Vanquished Creatures
  2 adders (D:2)
  An ooze (D:2)
  2 bats
  A giant cockroach (D:1)
  3 goblins
  2 hobgoblins (D:1)
  3 kobolds
  A giant newt (D:2)
  A rat (D:2)
16 creatures vanquished.

Action                   || total
-------------------------++-------
Melee: War axe           ||    43

Vault maps used:
D:1:      dpeg_arrival_leaves_temple_mockup, nrook_loot_triangle,
          minmay_lizard_king
D:2:      marbit_many_paths, first_bread, bh_chokoban, minivault_14,
          kennysheep_generic_room_10
D:3:      serial_bayou_lagoon_b, uniq_terence
